 Dungeon Crawl Stone Soup version 0.31.0-32-g396128a36d (webtiles) character file.

Game seed: 17206454872777085843

497 lonewolfV2 the Trooper (level 7, -2/58 HPs)
             Began as a Formicid Fighter on Mar 11, 2024.
             Was an Initiate of Qazlal.
             Slain by an ogre
             ... wielding a +0 giant club
              (18 damage)
             ... on level 4 of the Dungeon.
             The game lasted 00:05:15 (2744 turns).

lonewolfV2 the Trooper (Formicid Fighter)           Turns: 2744, Time: 00:05:17

Health: -2/58      AC:  8    Str: 27    XL:     7   Next: 39%
Magic:  7/7        EV:  9    Int:  7    God:    Qazlal [......]
Gold:   200        SH:  5    Dex: 15    Spells: 6/6 levels left

rFire   . . .        a - +0 war axe
rCold   . . .        c - +0 buckler
rNeg    . . .        b - +0 scale mail
rPois   .            (helmet unavailable)
rElec   .            (no cloak)
rCorr   .            e - +0 pair of gloves
SInv    +            (no boots)
Will    .....        (no amulet) Stlth
                     i - +6 ring of strength
HPRegen 0.29/turn    (no ring)
MPRegen 0.10/turn

%: no passive effects
@: no status effects
A: permanent stasis, dig shafts and tunnels, antennae 3, four strong arms
a: Dig, Shaft Self, Renounce Religion


You were on level 4 of the Dungeon.
You worshipped Qazlal.
Qazlal was noncommittal.
You visited 2 branches of the dungeon, and saw 5 of its levels.

You collected 200 gold pieces.

Inventory:

Hand Weapons
 a - a +0 war axe (weapon)
Missiles
 h - 2 throwing nets
Armour
 b - a +0 scale mail (worn)
 c - a +0 buckler (worn)
 e - a +0 pair of gloves (worn)
Jewellery
 f - a ring of magical power
 i - a +6 ring of strength (left hand)
 l - a +4 ring of slaying
Scrolls
 g - a scroll of noise
Potions
 d - 3 potions of might
 j - a potion of brilliance {unknown}
 k - 6 potions of curing
 m - a potion of enlightenment {unknown}


   Skills:
 + Level 6.1 Fighting
 + Level 5.9 Axes
 - Level 3.2 Armour
 - Level 4.0 Shields


You had 6 spell levels left.
You didn't know any spells.
Your spell library contained the following spells:

 Spells                   Type           Power      Damage    Failure   Level
 Sandblast                Erth           0%         2d4       77%         1
 Passwall                 Erth           0%         N/A       98%         3
 Stone Arrow              Conj/Erth      0%         3d7       98%         3
 Brom's Barrelling Bould  Conj/Erth      0%         2d3       100%        4


Dungeon Overview and Level Annotations

Branches:
Dungeon (4/15)             Temple (1/1) D:4

Altars:
Cheibriados
Elyvilon
Fedhas
Gozag
Kikubaaqudgha
Okawaru
Qazlal
Ru
Sif Muna
Uskayaw
Vehumet
Yredelemnul
Zin


Innate Abilities, Weirdness & Mutations

You cannot be hasted, slowed, berserked, paralysed or teleported.
You can dig through walls and to a lower floor.
You have a pair of large antennae on your head. (SInv)
Your four strong arms can wield two-handed weapons with a shield.


Message History

An endoplasm comes into view.
The endoplasm quivers.
An endoplasm is nearby!
There are no items here.
The endoplasm hits you but does no damage.
You block the endoplasm's attack.
You hit the endoplasm.
You kill the endoplasm!
Qazlal accepts your kill.
Found a stone staircase leading up.
There is a stone staircase leading up here.
You sense a monster nearby.
An ogre comes into view. It is wielding a +0 giant club.
The ogre shouts!
A ball python comes into view.
The ball python hisses angrily.
You barely miss the ogre. You slash the ball python!
You kill the ball python!
Qazlal accepts your kill.
The ogre hits you with a +0 giant club!!
A ball python comes into view.
You hit the ogre.
The ogre is lightly wounded.
The ogre hits you with a +0 giant club!!
* * * LOW HITPOINT WARNING * * *
You hit the ogre.
The ogre is moderately wounded.
The ogre hits you with a +0 giant club!
* * * LOW HITPOINT WARNING * * *
You slash the ogre!
The ogre is severely wounded.
The ogre closely misses you.
You feel better.
You completely miss the ogre.
The ogre is severely wounded.
You slash the ball python!
You kill the ball python!
Qazlal accepts your kill.
The ogre hits you with a +0 giant club!!
You die...

. #... ...# #... ...#
####...###...# .............# . #
.............#.. #
................ #
........††...... ##
........@O...... ####.
#................... ##....
.###...........######## #....#
............##.########## #..8>8
#....................#...###...##
#.................##...#.##......
#.................####.#.#.......
#.................##.............
#............#######......>..####


You could see an ogre.

Vanquished Creatures
  Sigmund (D:4)
  A phantom (D:4)
  2 bombardier beetles (D:3)
  A sleepcap (D:4)
  An orc wizard (D:3)
  3 gnolls (D:3)
  3 adders
  3 dart slugs
  3 ribbon worms (D:2)
  5 orcs
  5 endoplasms
  9 hobgoblins
  13 jackals
  A quokka (D:2)
  8 ball pythons
  5 bats
  5 frilled lizards
  2 goblins
  4 kobolds
  5 rats
80 creatures vanquished.

Notes
Turn   | Place    | Note
-------+----------+-------------------------------------------
     0 | D:1      | lonewolfV2 the Formicid Fighter began the quest for the
                  | Orb.
     0 | D:1      | Reached XP level 1. HP: 18/18 MP: 1/1
    79 | D:1      | Reached XP level 2. HP: 24/24 MP: 2/2
   327 | D:1      | Reached XP level 3. HP: 30/30 MP: 3/3
   757 | D:2      | Reached XP level 4. HP: 31/37 MP: 4/4
   770 | D:2      | Reached skill level 4 in Fighting
  1409 | D:3      | Reached XP level 5. HP: 21/42 MP: 5/5
  1820 | D:3      | Reached XP level 6. HP: 49/49 MP: 6/6
  1945 | D:3      | Reached skill level 5 in Fighting
  2055 | D:3      | Reached skill level 5 in Axes
  2134 | D:3      | Found a glowing silver altar of Zin.
  2134 | D:3      | Noticed an angel
  2418 | D:4      | Noticed Sigmund
  2428 | D:4      | Killed Sigmund
  2429 | D:4      | Reached XP level 7. HP: 44/57 MP: 7/7
  2489 | D:4      | Found a staircase to the Ecumenical Temple.
  2503 | Temple   | Entered the Ecumenical Temple
  2550 | Temple   | Became a worshipper of Qazlal Stormbringer
  2607 | D:4      | Reached skill level 6 in Fighting
  2744 | D:4      | Slain by an ogre

Illustrated notes

Levels and vault maps discovered:
D:1:      dpeg_arrival_rooms_b, layout_rooms, moated_statue,
          minmay_misc_feat_four_crosses, dreamdust_princess_corridor
D:2:      layout_basic
D:3:      layout_loops_ring, zin_angel
D:4:      layout_basic, temple_statues, uniq_sigmund
Temple:   nicolae_temple_hex_pool

Skill      XL: |  1  2  3  4  5  6  7 |
---------------+----------------------+-----
Axes           | 3 4 5 |  5.9
Fighting       | 4 5 6 |  6.1
Armour         | |  3.2
Shields        | |  4.0

Action                     |  1- 3 |  4- 6 |  7- 9 || total
---------------------------+-------+-------+-------++-------
  Melee: War axe           |    76 |   101 |    17 ||   194
    Use: Scroll            |     3 |     3 |       ||     6
         Potion            |       |       |     1 ||     1
 Armour: Scale mail        |    58 |    76 |    10 ||   144
  Dodge: Dodged            |    46 |    64 |     5 ||   115
  Block: Buckler           |    20 |    29 |     3 ||    52
